[Event "Saint Louis Invitational-B 2018"]
[Site "Saint Louis"]
[Date "2018.11.17"]
[Round "2"]
[White "Arjun, Vishnuvardhan"]
[Black "Marek, Matyas"]
[Result "1/2-1/2"]
[ECO "E68"]
[WhiteElo "2247"]
[BlackElo "2361"]
[Annotator "ChessBase"]
[PlyCount "32"]
[EventDate "2018.11.16"]
[EventType "tourn"]
[EventCountry "USA"]
[SourceTitle "playchess.com"]
[Source "ChessBase"]
[SourceQuality "1"]
[TimeControl "5400+30"]

1. Nf3 Nf6 2. g3 g6 3. Bg2 Bg7 4. O-O O-O 5. d4 d6 6. c4 Nbd7 7. Nc3 e5 8. e4 c6 9. b3 exd4 10. Nxd4 Re8 11. Bf4 Nc5 12. Re1 Ng4 13. Qd2 Ne5 14. Be3 Ng4 15. Bf4 Ne5 16. Be3 Ng4 1/2-1/2